 Dungeon Crawl Stone Soup version 0.31-a0-175-g9f7f995f2b (webtiles) character file.

Game seed: 15778199742665846025

2174 qw the Skirmisher (level 9, 0/79 (82) HPs)
             Began as a Naga Hunter on June 17, 2023.
             Slain by a gnoll
             ... wielding a +0 halberd
             ... led by a gnoll bouda
              (2 damage)
             ... on level 6 of the Dungeon.
             The game lasted 00:02:08 (5435 turns).

qw the Skirmisher (Naga Hunter)                     Turns: 5435, Time: 00:02:08

HP:   0/79 (82)     AC: 10    Str: 19    XL:     9   Next: 32%
MP:   9/9           EV: 10    Int: 11    God:
Gold: 311           SH:  0    Dex: 23    Spells: 8/8 levels left

rFire   + . .        b - +12 orcbow "Glorpo" {freeze, rF+ Dex+5}
rCold   . . .        (shield currently unavailable)
rNeg    + . .        c - +2 ring mail {rN+}
rPois   +            (no helmet)
rElec   .            d - +0 cloak
rCorr   .            l - +0 pair of gloves
SInv    +            (no barding)
Will    +....        (no amulet)
Stlth   ++           j - +6 ring of strength
HPRegen 0.33/turn    (no ring)
MPRegen 0.11/turn

%: no passive effects
@: about to teleport, short of breath, lightly drained, very slow
A: AC +3, large, see invisible, deformed body, poison resistance, slowness 2,
spit poison 1, naga tail 1
a: Spit Poison


You were on level 6 of the Dungeon.
You visited 2 branches of the dungeon, and saw 7 of its levels.
You also visited: Sewer.

You collected 311 gold pieces.


Innate Abilities, Weirdness & Mutations

Your serpentine skin is tough. (AC +3)
You have supernaturally acute eyesight. (SInv)
Armour fits poorly on your strangely shaped body.
Your system is resistant to poisons. (rPois)
You cover ground very slowly.
You can spit poison.
You have a snake-like lower body.


   Skills:
 - Level 6.0 Fighting
 + Level 9.6 Ranged Weapons
 - Level 2.1 Armour
 - Level 3.1 Dodging
 - Level 1.5 Stealth


You had 8 spell levels left.
You didn't know any spells.
Your spell library was empty.

Inventory:

Hand Weapons
 b - the +12 orcbow "Glorpo" (weapon) {freeze, rF+ Dex+5}
   (You acquired it on level 2 of the Dungeon)

   Dex:       It affects your dexterity (+5).
   rF:        It protects you from fire.
Armour
 c - a +2 ring mail of positive energy (worn)
 d - a +0 cloak (worn)
 l - a +0 pair of gloves (worn)
Jewellery
 f - a ring of fire
 j - a +6 ring of strength (left hand)
Wands
 o - a wand of digging (6)
Scrolls
 e - a scroll of identify
Potions
 a - a potion of cancellation
 g - a potion of magic {unknown}
 h - a potion of might {unknown}
 i - 2 potions of enlightenment
 k - a potion of mutation {unknown}
 m - a potion of invisibility {unknown}
 p - a potion of berserk rage {unknown}

Dungeon Overview and Level Annotations

Branches:
Dungeon (6/15)             Temple (1/1) D:5           Sewer (visited)

Altars:
Cheibriados
Elyvilon
Gozag
Kikubaaqudgha
Makhleb
Nemelex Xobeh
Qazlal
Sif Muna
Trog
Uskayaw
Vehumet
Yredelemnul
Zin
The Shining One

Shops:
D:4 *


Message History

You kill the gnoll!
The gnoll bouda hits you with a +0 whip.
The wight hits you with a +0 heavy long sword.
You partially resist.
You feel drained. The gnoll hits you but does no damage.
The gnoll completely misses you.
You shoot an arrow. The arrow completely misses the wight.
You have got your breath back.
The gnoll bouda hits you with a +0 whip!
The gnoll hits you from afar with a +0 halberd!
The wight hits you with a +0 heavy long sword.
5430 ||| INVOKING Spit Poison.
Aiming: Spit Poison (1% risk of failure)
Press: ? - help, Shift-Dir - straight line, f - gnoll bouda, p - wight The splash of poison misses the gnoll bouda.
The splash of poison hits the gnoll!
The gnoll is poisoned.
The gnoll is almost dead.
The gnoll hits you but does no damage.
The gnoll hits you from afar with a +0 halberd!
You shoot an arrow. The arrow closely misses the wight.
The wight barely misses you. The gnoll barely misses you.
You shoot an arrow. The arrow closely misses the wight.
The gnoll hits you but does no damage.
The gnoll hits you from afar with a +0 halberd.
The wight hits you with a +0 heavy long sword.
You partially resist.
You feel drained.
You shoot an arrow. The arrow hits the wight!
The wight is heavily damaged.
The gnoll bouda closely misses you. The gnoll closely misses you.
The gnoll hits you with a +2 heavy flail.
The gnoll bouda calls upon its god to heal the gnoll.
The gnoll is healed somewhat.
The wight hits you with a +0 heavy long sword.
5434 ||| READING scroll of teleportation.
As you read the scroll of teleportation, it crumbles to dust.
You feel strangely unstable. The gnoll barely misses you.
The wight hits you with a +0 scimitar! The gnoll bouda barely misses you.
You shoot an arrow. The arrow barely misses the wight.
The gnoll hits you from afar with a +0 halberd.
You die...

...####.###)...%..##....
...........)......####.#
....###....#####...###.#
....##....## ##.......
.....#.....# #.####.<
........#..#### #. ##.
..............# #.####.
......z..####....#.....>
......g@................
###...gz................
..[..g)#.###........)...
.#.%...... .#.........
...#.#.#... ..##.#.#..
.....#.#.#.# ....#)...
.... ....... ##......
... ..#.#.## ##....
#....


You could see a gnoll bouda, 2 wights and 2 gnolls.

Vanquished Creatures
  Edmund (D:4)
  An acid dragon (D:5)
  A water moccasin (D:6)
  2 orc warriors (D:6)
  2 ogres (D:5)
  A bullfrog (D:4)
  A scorpion (D:4)
  5 wights (D:6)
  2 hounds
  3 jellies
  5 orc priests
  A sleepcap (D:5)
  A gnoll bouda (D:4)
  An iguana (D:6)
  12 orc wizards
  10 adders
  14 gnolls
  5 river rats (Sewer)
  A dart slug (D:2)
  29 orcs
  7 endoplasms
  7 giant cockroaches
  8 goblins
  9 hobgoblins
  2 jackals (D:1)
  7 quokkas
  7 ball pythons
  11 bats
  12 frilled lizards
  14 kobolds
  8 rats
190 creatures vanquished.

Vanquished Creatures (others)
  An endoplasm (D:4)
1 creature vanquished.

Grand Total: 191 creatures vanquished

Notes
Turn   | Place    | Note
-------+----------+-------------------------------------------
     0 | D:1      | qw the Naga Hunter began the quest for the Orb.
     0 | D:1      | Reached XP level 1. HP: 19/19 MP: 1/1
     0 | D:1      | 0 ||| qw: Version: 0.3-a-2-g5ab2908
     0 | D:1      | 0 ||| qw: Game counter: 293
     0 | D:1      | 0 ||| qw: Always use a shield: true
     0 | D:1      | 0 ||| qw: God list: Okawaru
     0 | D:1      | 0 ||| qw: Allow faded altars: false
     0 | D:1      | 0 ||| qw: Do Orc after D:15 true
     0 | D:1      | 0 ||| qw: Do second Lair branch before Depths: true
     0 | D:1      | 0 ||| qw: Lair rune preference: random
     0 | D:1      | 0 ||| qw: Plans: Normal
     0 | D:1      | 0 ||| PLANNING D:1-11
    33 | D:1      | 33 ||| INVOKING Spit Poison.
    35 | D:1      | 35 ||| Stepping ~*~*~tactically~*~*~ (outnumbered).
    39 | D:1      | 39 ||| INVOKING Spit Poison.
    42 | D:1      | 42 ||| INVOKING Spit Poison.
    43 | D:1      | 43 ||| INVOKING Spit Poison.
   112 | D:1      | 112 ||| INVOKING Spit Poison.
   118 | D:1      | 118 ||| INVOKING Spit Poison.
   120 | D:1      | Reached skill level 4 in Ranged Weapons
   120 | D:1      | Reached XP level 2. HP: 26/26 MP: 2/2
   130 | D:1      | 130 ||| INVOKING Spit Poison.
   135 | D:1      | 135 ||| INVOKING Spit Poison.
   171 | D:1      | 171 ||| INVOKING Spit Poison.
   193 | D:1      | 193 ||| INVOKING Spit Poison.
   220 | D:1      | 220 ||| INVOKING Spit Poison.
   223 | D:1      | 223 ||| INVOKING Spit Poison.
   224 | D:1      | 224 ||| INVOKING Spit Poison.
   277 | D:1      | 277 ||| INVOKING Spit Poison.
   309 | D:1      | 309 ||| INVOKING Spit Poison.
   313 | D:1      | 313 ||| INVOKING Spit Poison.
   319 | D:1      | 319 ||| INVOKING Spit Poison.
   336 | D:1      | 336 ||| INVOKING Spit Poison.
   339 | D:1      | 339 ||| INVOKING Spit Poison.
   387 | D:1      | 387 ||| INVOKING Spit Poison.
   391 | D:1      | Reached XP level 3. HP: 32/32 MP: 3/3
   512 | D:1      | 512 ||| INVOKING Spit Poison.
   767 | D:1      | 767 ||| INVOKING Spit Poison.
   821 | D:1      | 821 ||| UPGRADING to +0 cloak.
   826 | D:1      | 826 ||| READING 3 scrolls labelled MOICVO KAEF.
   827 | D:1      | 827 ||| READING scroll labelled MYTZOIVVEH.
   828 | D:1      | 828 ||| READING scroll labelled KYOPTO AVVEFYNG.
   829 | D:1      | 829 ||| DROPPING 2 scrolls of poison.
   830 | D:1      | 830 ||| DROPPING scroll of butterflies.
   848 | D:2      | 848 ||| INVOKING Spit Poison.
   851 | D:2      | 851 ||| INVOKING Spit Poison.
   870 | D:2      | 870 ||| INVOKING Spit Poison.
   884 | D:2      | 884 ||| INVOKING Spit Poison.
   896 | D:2      | 896 ||| INVOKING Spit Poison.
   908 | D:2      | 908 ||| INVOKING Spit Poison.
   939 | D:2      | 939 ||| INVOKING Spit Poison.
   945 | D:2      | 945 ||| INVOKING Spit Poison.
   975 | D:2      | 975 ||| INVOKING Spit Poison.
  1014 | D:2      | 1014 ||| INVOKING Spit Poison.
  1017 | D:2      | Reached skill level 5 in Ranged Weapons
  1017 | D:2      | Reached XP level 4. HP: 39/39 MP: 4/4
  1034 | D:2      | 1034 ||| INVOKING Spit Poison.
  1040 | D:2      | 1040 ||| INVOKING Spit Poison.
  1201 | D:2      | 1201 ||| INVOKING Spit Poison.
  1206 | D:2      | 1206 ||| INVOKING Spit Poison.
  1331 | D:2      | 1331 ||| INVOKING Spit Poison.
  1346 | D:2      | 1346 ||| INVOKING Spit Poison.
  1526 | D:2      | 1526 ||| INVOKING Spit Poison.
  1597 | D:2      | 1597 ||| READING scroll labelled ZIURGH IPIRIZ.
  1598 | D:2      | 1598 ||| READING scroll labelled DYVILORGHIAMI.
  1599 | D:2      | 1599 ||| READING scroll labelled ZESAD CURCH.
  1599 | D:2      | Identified a scroll of acquirement
  1599 | D:2      | 1599 ||| ACQUIRING +12 orcbow "Glorpo" {freeze, rF+ Dex+5}
  1599 | D:2      | Acquired the +12 orcbow "Glorpo" {freeze, rF+ Dex+5}
  1601 | D:2      | 1601 ||| SWAPPING to +12 orcbow "Glorpo" {freeze, rF+
                  | Dex+5}.
  1602 | D:2      | 1602 ||| DROPPING +0 shortbow.
  1696 | D:3      | 1696 ||| PLANNING SEWER
  1711 | D:3      | Found a faded altar of an unknown god.
  1717 | D:3      | 1717 ||| INVOKING Spit Poison.
  1770 | D:3      | 1770 ||| INVOKING Spit Poison.
  1776 | D:3      | Found a glowing drain.
  1777 | D:3      | 1777 ||| INVOKING Spit Poison.
  1781 | D:3      | 1781 ||| DROPPING ring of wizardry.
  1790 | Sewer    | Entered a sewer
  1803 | Sewer    | 1803 ||| INVOKING Spit Poison.
  1811 | Sewer    | 1811 ||| INVOKING Spit Poison.
  1813 | Sewer    | Reached skill level 3 in Fighting
  1816 | Sewer    | 1816 ||| INVOKING Spit Poison.
  1824 | Sewer    | Reached XP level 5. HP: 49/49 MP: 5/5
  1825 | Sewer    | 1825 ||| INVOKING Spit Poison.
  1834 | Sewer    | 1834 ||| INVOKING Spit Poison.
  1854 | Sewer    | 1854 ||| INVOKING Spit Poison.
  1871 | Sewer    | 1871 ||| INVOKING Spit Poison.
  1874 | Sewer    | 1874 ||| INVOKING Spit Poison.
  1949 | Sewer    | 1949 ||| INVOKING Spit Poison.
  1963 | Sewer    | 1963 ||| INVOKING Spit Poison.
  1970 | Sewer    | 1970 ||| INVOKING Spit Poison.
  2089 | Sewer    | 2089 ||| INVOKING Spit Poison.
  2209 | Sewer    | 2209 ||| READING scroll labelled FAODDI YNLEISI.
  2210 | Sewer    | 2210 ||| READING scroll labelled APHIUN XIEGIO.
  2267 | D:3      | 2267 ||| PLANNING D:1-11
  2377 | D:3      | 2377 ||| INVOKING Spit Poison.
  2380 | D:3      | 2380 ||| INVOKING Spit Poison.
  2381 | D:3      | 2381 ||| INVOKING Spit Poison.
  2386 | D:3      | 2386 ||| INVOKING Spit Poison.
  2411 | D:3      | 2411 ||| INVOKING Spit Poison.
  2818 | D:3      | 2818 ||| INVOKING Spit Poison.
  2823 | D:3      | 2823 ||| READING scroll labelled HOFED IRANG.
  2824 | D:3      | 2824 ||| READING scroll labelled WUEREL RYUSCH.
  2834 | D:4      | 2834 ||| INVOKING Spit Poison.
  2839 | D:4      | 2839 ||| STAIRDANCE
  2841 | D:3      | 2841 ||| INVOKING Spit Poison.
  2842 | D:3      | Reached XP level 6. HP: 22/56 MP: 6/6
  2842 | D:3      | HP: 13/56 [orc/+0 morningstar (9)]
  2845 | D:3      | 2845 ||| INVOKING Spit Poison.
  2990 | D:4      | 2990 ||| INVOKING Spit Poison.
  2993 | D:4      | Reached skill level 6 in Ranged Weapons
  2993 | D:4      | 2993 ||| STAIRDANCE
  2995 | D:3      | 2995 ||| INVOKING Spit Poison.
  3105 | D:4      | 3105 ||| INVOKING Spit Poison.
  3166 | D:4      | 3166 ||| INVOKING Spit Poison.
  3170 | D:4      | 3170 ||| INVOKING Spit Poison.
  3182 | D:4      | 3182 ||| INVOKING Spit Poison.
  3188 | D:4      | 3188 ||| INVOKING Spit Poison.
  3237 | D:4      | 3237 ||| INVOKING Spit Poison.
  3261 | D:4      | 3261 ||| INVOKING Spit Poison.
  3265 | D:4      | Reached XP level 7. HP: 64/64 MP: 7/7
  3279 | D:4      | Noticed Edmund
  3280 | D:4      | 3280 ||| INVOKING Spit Poison.
  3284 | D:4      | Killed Edmund
  3286 | D:4      | 3286 ||| INVOKING Spit Poison.
  3287 | D:4      | 3287 ||| INVOKING Spit Poison.
  3289 | D:4      | Reached skill level 7 in Ranged Weapons
  3336 | D:4      | Found Fifelafo's CLEARANCE SALE!.
  3533 | D:4      | 3533 ||| INVOKING Spit Poison.
  3536 | D:4      | 3536 ||| INVOKING Spit Poison.
  3541 | D:4      | 3541 ||| INVOKING Spit Poison.
  3553 | D:4      | 3553 ||| UPGRADING to +2 robe of positive energy.
  3563 | D:4      | 3563 ||| DROPPING +0 leather armour.
  3564 | D:4      | 3564 ||| READING scroll labelled ZOPTOU GOPOFEU.
  3565 | D:4      | 3565 ||| READING scroll labelled CIGU SOKIEWEL.
  3566 | D:4      | 3566 ||| READING scroll labelled EDWIXU QUFFY.
  3567 | D:4      | 3567 ||| DRINKING 2 fuming silvery potions.
  3568 | D:4      | 3568 ||| READING 2 scrolls of identify.
  3568 | D:4      | 3568 ||| IDENTIFYING fuming red potion
  3581 | D:5      | Entered Level 5 of the Dungeon
  3582 | D:5      | 3582 ||| INVOKING Spit Poison.
  3813 | D:5      | Found a staircase to the Ecumenical Temple.
  3814 | D:5      | 3814 ||| PLANNING TEMPLE
  3814 | D:5      | 3814 ||| UPGRADING to +2 ring mail of positive energy.
  3824 | D:5      | 3824 ||| DROPPING +2 robe of positive energy.
  3825 | D:5      | 3825 ||| READING scroll labelled JEMIAHEINE.
  3840 | Temple   | Entered the Ecumenical Temple
  3997 | Temple   | 3997 ||| PLANNING D:1-11
  4040 | D:5      | 4040 ||| INVOKING Spit Poison.
  4046 | D:5      | 4046 ||| INVOKING Spit Poison.
  4047 | D:5      | Reached skill level 1 in Armour
  4047 | D:5      | Reached XP level 8. HP: 72/72 MP: 8/8
  4051 | D:5      | 4051 ||| INVOKING Spit Poison.
  4054 | D:5      | 4054 ||| INVOKING Spit Poison.
  4056 | D:5      | Reached skill level 8 in Ranged Weapons
  4086 | D:5      | 4086 ||| INVOKING Spit Poison.
  4250 | D:5      | 4250 ||| INVOKING Spit Poison.
  4255 | D:5      | 4255 ||| INVOKING Spit Poison.
  4263 | D:5      | 4263 ||| INVOKING Spit Poison.
  4280 | D:5      | 4280 ||| INVOKING Spit Poison.
  4286 | D:5      | 4286 ||| INVOKING Spit Poison.
  4290 | D:5      | HP: 18/74 [acid dragon/splash of acid (29)]
  4292 | D:5      | HP: 7/74 [acid dragon (3)]
  4606 | D:5      | Identified the +8 spear of Liliuruc {heavy, Fly Str+3
                  | Int-3}
  4964 | D:5      | 4964 ||| UPGRADING to +0 pair of gloves.
  4969 | D:5      | 4969 ||| UPGRADING to +6 ring of strength.
  4970 | D:5      | 4970 ||| DRINKING 2 emerald potions.
  4984 | D:6      | 4984 ||| INVOKING Spit Poison.
  4987 | D:6      | 4987 ||| INVOKING Spit Poison.
  4990 | D:6      | 4990 ||| STAIRDANCE
  4994 | D:5      | 4994 ||| INVOKING Spit Poison.
  5084 | D:6      | 5084 ||| INVOKING Spit Poison.
  5085 | D:6      | 5085 ||| STAIRDANCE
  5090 | D:5      | 5090 ||| INVOKING Spit Poison.
  5139 | D:6      | 5139 ||| INVOKING Spit Poison.
  5142 | D:6      | 5142 ||| STAIRDANCE
  5197 | D:6      | 5197 ||| INVOKING Spit Poison.
  5199 | D:6      | 5199 ||| STAIRDANCE
  5227 | D:6      | 5227 ||| INVOKING Spit Poison.
  5232 | D:6      | Reached skill level 9 in Ranged Weapons
  5260 | D:6      | 5260 ||| INVOKING Spit Poison.
  5262 | D:6      | 5262 ||| DRINKING potion of curing.
  5262 | D:6      | 5262 ||| (to cure confusion)
  5264 | D:6      | Reached skill level 3 in Dodging
  5267 | D:6      | 5267 ||| INVOKING Spit Poison.
  5294 | D:6      | 5294 ||| INVOKING Spit Poison.
  5297 | D:6      | Reached XP level 9. HP: 81/81 MP: 9/9
  5305 | D:6      | 5305 ||| INVOKING Spit Poison.
  5310 | D:6      | 5310 ||| INVOKING Spit Poison.
  5315 | D:6      | Reached skill level 6 in Fighting
  5316 | D:6      | 5316 ||| INVOKING Spit Poison.
  5319 | D:6      | 5319 ||| INVOKING Spit Poison.
  5369 | D:6      | 5369 ||| INVOKING Spit Poison.
  5371 | D:6      | 5371 ||| Stepping ~*~*~tactically~*~*~ (outnumbered).
  5373 | D:6      | 5373 ||| INVOKING Spit Poison.
  5385 | D:6      | 5385 ||| INVOKING Spit Poison.
  5412 | D:6      | 5412 ||| Stepping ~*~*~tactically~*~*~ (outnumbered).
  5413 | D:6      | 5413 ||| INVOKING Spit Poison.
  5419 | D:6      | 5419 ||| INVOKING Spit Poison.
  5425 | D:6      | 5425 ||| INVOKING Spit Poison.
  5430 | D:6      | 5430 ||| INVOKING Spit Poison.
  5433 | D:6      | HP: 15/79 [wight/+0 heavy long sword (5)]
  5434 | D:6      | 5434 ||| READING scroll of teleportation.
  5434 | D:6      | HP: 1/79 [wight/+0 scimitar (14)]
  5435 | D:6      | Slain by a gnoll

Levels and vault maps discovered:
D:1:      saegor_arrival_under_anarchy, layout_loops_ring
D:2:      layout_basic, serial_rivers, chequers_serial_rivers_marsh,
          chequers_serial_rivers_small_b, chequers_serial_rivers_micro_e,
          chequers_serial_rivers_small_a, chequers_serial_rivers_room_a,
          grunt_ministairs_7, patterned_corridor
D:3:      layout_basic, gup_sewer_entry_pipe,
          shapermc_ecumenical_altar_totnotflames
D:4:      layout_cave_pools, chequers_serial_rivers_micro_d,
          grunt_decor_fettered, nicolae_shop_clearance, uniq_edmund
D:5:      layout_layer_cave, minmay_temple_entry_drinking_statues,
          minmay_stone_trees_small
D:6:      layout_rooms, grunt_dithmenos_smoke
Temple:   eino_narrow_crystal_temple

Skill      XL: |  1  2  3  4  5  6  7  8  9 |
---------------+----------------------------+-----
Ranged Weapons | 4 5 6 7 9 |  9.6
Fighting       | 3 4 5 6 |  6.0
Dodging        | 2 3 |  3.1
Armour         | 1 2 |  2.1
Stealth        | |  1.5

Action                     |  1- 3 |  4- 6 |  7- 9 || total
---------------------------+-------+-------+-------++-------
   Fire: Shortbow          |    80 |    11 |       ||    91
         Orcbow            |       |    88 |   132 ||   220
Ability: Spit Poison       |    30 |    39 |    38 ||   107
    Use: Scroll            |     3 |     7 |     6 ||    16
         Potion            |       |       |     3 ||     3
 Armour: Leather armour    |     8 |    13 |       ||    21
         Ring mail         |       |       |    32 ||    32
  Dodge: Dodged            |    26 |    28 |    36 ||    90

Table legend:
 A = Non-vault XP
 B = Vault XP
 C = Vault XP percentage of total XP
 D = Non-vault monster count
 E = Vault monster count
 F = Vault count percentage of total count
                 A         B        C        D         E       F
            +---------+---------+-------+---------+---------+-------
      Total |    2789 |     317 |  10.2 |     154 |      36 |  18.9
            +---------+---------+-------+---------+---------+-------
        D:1 |      46 |       0 |   0.0 |      29 |       0 |   0.0
        D:2 |      68 |       3 |   4.2 |      19 |       2 |   9.5
        D:3 |     119 |      18 |  13.1 |      18 |       9 |  33.3
        D:4 |     429 |     171 |  28.5 |      26 |       1 |   3.7
        D:5 |     858 |       0 |   0.0 |      31 |       0 |   0.0
        D:6 |    1269 |       0 |   0.0 |      31 |       0 |   0.0
      Sewer |       0 |     125 | 100.0 |       0 |      24 | 100.0
            +---------+---------+-------+---------+---------+-------
